[Event "Titled Tuesday Blitz December 27 Late 2022"]
[White "Ai, Evan"]
[Black "Sreyas Payyappat"]
[WhiteFideId "2094770"]
[BlackFideId "46674969"]
[WhiteElo "2055"]
[BlackElo "2076"]
[Result "1-0"]
[Round "06"]
[TimeControl "180+2"]
[Date "2022.12.27"]
[WhiteClock "0:00:13"]
[BlackClock "0:00:08"]

1. e4 c6 2. d4 d5 3. Nc3 dxe4 4. Nxe4 Nf6 5. Ng3 g6 6. Nf3 Bg7 7. Bc4 O-O 8. O-O Nbd7 9. c3 Nb6 10. Bb3 Bg4 11. h3 Bxf3 12. Qxf3 e6 13. Re1 a5 14. a4 Nfd5 15. Ne4 Nd7 16. Bg5 Qc7 17. c4 f5 18. Nd2 Nb4 19. Rxe6 Rae8 20. c5 Kh8 21. Bf4 Qd8 22. Rxe8 Rxe8 23. Nc4 Bxd4 24. Rd1 Nxc5 25. Be5+ Rxe5 26. Nxe5 Qf6 27. Rxd4 Qxe5 28. Qc3 Kg7 29. f4 Na2 30. Bxa2 1-0


[Site "https://www.chess.com"]

[Event "Titled Tuesday Blitz December 27 Late 2022"]
[White "Albertini, Luca"]
[Black "Myers, Dominique"]
[WhiteFideId "847038"]
[BlackFideId "2041715"]
[WhiteElo "2084"]
[BlackElo "2042"]
[Result "1-0"]
[Round "06"]
[TimeControl "180+2"]
[Date "2022.12.27"]
[WhiteClock "0:02:16"]
[BlackClock "0:00:05"]

1. e4 e5 2. Nf3 Nc6 3. Bc4 Nf6 4. d3 Bc5 5. c3 d6 6. Nbd2 O-O 7. Nf1 a6 8. Ng3 Be6 9. Bb3 Re8 10. O-O d5 11. exd5 Nxd5 12. Re1 f6 13. d4 exd4 14. Nxd4 Nxd4 15. cxd4 Bf8 16. Qf3 c6 17. Bd2 Bf7 18. Bc3 Qd7 19. Nf5 Bg6 20. Ne3 1-0


[Site "https://www.chess.com"]

[Event "Titled Tuesday Blitz December 27 Late 2022"]
[White "Andreev, Eduard"]
[Black "Liu, Casper"]
[WhiteFideId "14103400"]
[BlackFideId "1454153"]
[WhiteElo "2413"]
[BlackElo "2278"]
[Result "1-0"]
[Round "06"]
[TimeControl "180+2"]
[Date "2022.12.27"]
[WhiteClock "0:01:30"]
[BlackClock "0:02:01"]

1. Nf3 b6 2. g3 Bb7 3. Bg2 e6 4. O-O f5 5. d3 Nf6 6. Re1 Be7 7. Nc3 O-O 8. e4 fxe4 9. dxe4 Bc5 10. h3 Qe8 11. Qd3 Qg6 12. Be3 Nxe4 13. Ne5 Qf5 14. Nxe4 Qxe5 15. Nf6+ Qxf6 16. Bxb7 Nc6 17. Bxa8 Rxa8 18. Bxc5 bxc5 19. Qxd7 Nd4 20. c3 Nf3+ 21. Kg2 Nxe1+ 22. Rxe1 e5 23. Qd5+ Kh8 24. Qxa8+ 1-0


[Site "https://www.chess.com"]

[Event "Titled Tuesday Blitz December 27 Late 2022"]
[White "Andrews, Todd"]
[Black "Kleinman, Michael"]
[WhiteFideId "2012456"]
[BlackFideId "2609479"]
[WhiteElo "2220"]
[BlackElo "2387"]
[Result "1-0"]
[Round "06"]
[TimeControl "180+2"]
[Date "2022.12.27"]
[WhiteClock "0:00:08"]
[BlackClock "0:00:10"]

1. e4 e5 2. Nf3 Nf6 3. d4 Nxe4 4. Bd3 d5 5. dxe5 Bf5 6. O-O Be7 7. Re1 Qd7 8. Nbd2 Nc6 9. Nb3 O-O-O 10. Nbd4 Bg4 11. Nxc6 Qxc6 12. c3 Bc5 13. Be3 Kb8 14. h3 Bh5 15. a4 Rhe8 16. Bb5 Qg6 17. Bxe8 Rxe8 18. Bxc5 Ng5 19. Re3 b6 20. Qxd5 Nxh3+ 21. Kf1 Nf4 22. Nh4 Qg4 23. Qe4 Qxh4 24. Rh3 Qg5 25. Rg3 Qh6 26. Be3 Bg6 27. Qxf4 Qh1+ 28. Ke2 Qxa1 29. a5 Qxa5 30. f3 Qb5+ 31. Kf2 Rxe5 32. Rg4 Qxb2+ 33. Kg3 Qxc3 34. Bd4 Qc6 35. Bxe5 a5 36. Rh4 Ka7 37. Rh1 Kb7 38. Rd1 h5 39. Rd8 f6 40. Bd4 Bf7 41. Qe3 g5 42. Kf2 h4 43. Rf8 Bg6 44. Rg8 Bf5 45. Rg7 Qc2+ 46. Kg1 Qb1+ 47. Kh2 Qc2 48. Bxf6 Qc6 49. Bxg5 a4 50. Bf4 Ka6 51. Rxc7 Qg6 52. Qe2+ Bd3 53. Qe5 a3 54. Qd6 Qxd6 55. Bxd6 a2 56. Be5 Kb5 57. Rd7 Bf5 58. Rd2 Be6 59. Rb2+ Ka4 60. Rxb6 Ka3 61. Ra6+ Kb3 62. Rxe6 a1=Q 63. Bxa1 Kc4 64. Re4+ Kb3 65. Rxh4 Ka2 66. Re4 Kb1 67. g4 Ka2 68. g5 Kb1 69. Kg3 Kc2 70. Kf2 Kd1 71. Rc4 Kd2 72. Bb2 Kd1 73. Rc3 Kd2 74. g6 Kd1 75. Ke3 Ke1 76. Rc1# 1-0


[Site "https://www.chess.com"]

[Event "Titled Tuesday Blitz December 27 Late 2022"]
[White "Antonica, Dragos-Andrei"]
[Black "Rustemov, Alexander"]
[WhiteFideId "1246372"]
[BlackFideId "4119002"]
[WhiteElo "2373"]
[BlackElo "2525"]
[Result "0-1"]
[Round "06"]
[TimeControl "180+2"]
[Date "2022.12.27"]
[WhiteClock "0:00:04"]
[BlackClock "0:00:19"]

1. c4 c5 2. Nc3 g6 3. g3 Bg7 4. Bg2 Nc6 5. Nf3 b6 6. O-O Bb7 7. b3 Bxc3 8. dxc3 d6 9. Bg5 h6 10. Be3 Kf8 11. Qc2 Kg7 12. h4 Nf6 13. Nd2 Qc7 14. Ne4 Nd7 15. h5 Nce5 16. hxg6 fxg6 17. f4 Ng4 18. Bd2 h5 19. Ng5 Nf8 20. f5 Bxg2 21. Kxg2 Qc6+ 22. e4 h4 23. fxg6 hxg3 24. Rf7+ Kxg6 25. Kxg3 Ne5 26. Raf1 Qc8 27. R7f5 Rh5 28. Bf4 e6 29. Bxe5 exf5 30. exf5+ Kh6 31. Bf4 Rxg5+ 32. Bxg5+ Kxg5 33. Qh2 Kf6 34. Qh4+ Kf7 35. Qh5+ Ke7 36. Re1+ Kd7 37. Qf7+ Kc6 38. Qd5+ Kc7 39. Re7+ Nd7 40. Re6 Qf8 41. f6 Re8 42. Qf5 Rxe6 43. Qxe6 Qxf6 44. Qe4 Qe5+ 45. Qxe5 0-1


[Site "https://www.chess.com"]

[Event "Titled Tuesday Blitz December 27 Late 2022"]
[White "Antonios, Johnny"]
[Black "Silva, Miguel Antonio Neto"]
[WhiteFideId "5300843"]
[BlackFideId "1911929"]
[WhiteElo "2269"]
[BlackElo "2204"]
[Result "0-1"]
[Round "06"]
[TimeControl "180+2"]
[Date "2022.12.27"]
[WhiteClock "0:01:08"]
[BlackClock "0:00:49"]

1. e4 c5 2. Nf3 d6 3. d4 cxd4 4. Nxd4 Nf6 5. Nc3 a6 6. h3 e5 7. Nde2 h5 8. Bg5 Be6 9. Bxf6 Qxf6 10. Nd5 Qd8 11. Nec3 Nd7 12. Bc4 Be7 13. O-O Nf6 14. Nxf6+ Bxf6 15. Nd5 O-O 16. Qxh5 Rc8 17. Bb3 Bxd5 18. exd5 b5 19. c3 g6 20. Qg4 Bg7 21. a4 Rb8 22. a5 Qe8 23. Bc2 f5 24. Qg3 e4 25. Rae1 b4 26. cxb4 Be5 27. Qb3 Qb5 28. f3 Qxb4 29. Qxb4 Rxb4 30. fxe4 f4 31. b3 Rc8 32. Re2 Rc5 33. Rb1 Rxa5 34. Bd3 Ra3 35. Bc4 a5 36. Rc1 Kg7 37. Kf2 Kf6 38. Kf3 a4 39. Kg4 axb3 40. g3 b2 41. Rb1 Rxg3+ 42. Kh4 g5+ 43. Kh5 Rxh3+ 44. Kg4 Rg3+ 45. Kh5 Rb8 46. Rbxb2 0-1


[Site "https://www.chess.com"]

[Event "Titled Tuesday Blitz December 27 Late 2022"]
[White "Ardila, Oscar Humberto"]
[Black "Li, Hui"]
[WhiteFideId "4404742"]
[BlackFideId "15400310"]
[WhiteElo "1982"]
[BlackElo "1963"]
[Result "1/2-1/2"]
[Round "06"]
[TimeControl "180+2"]
[Date "2022.12.27"]
[WhiteClock "0:00:13"]
[BlackClock "0:00:06"]

1. d4 Nf6 2. c4 e6 3. Nf3 d5 4. Nc3 Be7 5. Bg5 O-O 6. e3 h6 7. Bh4 Ne4 8. Bxe7 Qxe7 9. Nxe4 dxe4 10. Nd2 f5 11. Qc2 e5 12. O-O-O Nc6 13. d5 Nb4 14. Qb3 a5 15. Kb1 Kh8 16. a3 Na6 17. Be2 Nc5 18. Qc2 Bd7 19. Rc1 b6 20. Qc3 f4 21. Nb3 Bf5 22. Nxc5 Qxc5 23. Rhe1 Rae8 24. Bf1 Bg6 25. Qd2 Rd8 26. b4 axb4 27. axb4 Qd6 28. Qb2 Ra8 29. Red1 Ra4 30. c5 bxc5 31. bxc5 Qe7 32. Qb5 Raa8 33. Kc2 Ra2+ 34. Kb3 Rxf2 35. d6 cxd6 36. cxd6 Bf7+ 37. Bc4 Bxc4+ 38. Kxc4 Qe6+ 39. Qd5 Qc8+ 40. Qc5 fxe3 41. Qxc8 Rxc8+ 42. Kd5 Rxc1 43. Rxc1 Rd2+ 44. Kxe5 e2 45. Re1 Kg8 46. Kxe4 Kf7 47. Ke3 Rxd6 48. Rxe2 Re6+ 49. Kf2 Ra6 50. Rc2 Kg6 51. h3 h5 52. Kg1 Kg5 53. Kh2 h4 54. Rc5+ Kh6 55. Rc4 g5 56. Rc7 Kg6 57. Rc8 Ra2 58. Rc6+ Kf5 59. Rc5+ Kf4 60. Rc4+ Kf5 61. Rc5+ Kg6 62. Rc6+ Kh5 63. Rc5 Ra8 64. Rd5 Rf8 65. Rc5 Re8 66. Rd5 Re6 67. Rc5 Kg6 68. Rd5 Kf6 69. Rc5 Rd6 70. Rb5 Re6 71. Rc5 Re5 72. Rc6+ Kf5 73. Rc7 Kf4 74. Rc4+ Re4 75. Rc5 Re5 76. Rc4+ Ke3 77. Rg4 Kf2 78. Kh1 Re1+ 79. Kh2 Re5 80. Kh1 Rf5 81. Kh2 Ke2 82. Kh1 Ke3 83. Kh2 Kd3 84. Kh1 Ke3 85. Kh2 Ra5 86. Kh1 Rb5 87. Kh2 Ra5 88. Kh1 Rd5 89. Kh2 Kf2 90. Kh1 Ke2 91. Kh2 Ke3 92. Kh1 Rf5 1/2-1/2


[Site "https://www.chess.com"]

[Event "Titled Tuesday Blitz December 27 Late 2022"]
[White "Arnold, Ken"]
[Black "Potapova, Margarita"]
[WhiteFideId "2056836"]
[BlackFideId "14126869"]
[WhiteElo "2355"]
[BlackElo "2104"]
[Result "0-1"]
[Round "06"]
[TimeControl "180+2"]
[Date "2022.12.27"]
[WhiteClock "0:00:33"]
[BlackClock "0:01:38"]

1. e4 c5 2. Nf3 d6 3. d4 cxd4 4. Qxd4 Nc6 5. Bb5 Bd7 6. Bxc6 Bxc6 7. c4 Nf6 8. Nc3 e6 9. Bg5 Be7 10. O-O O-O 11. Rfd1 h6 12. Bh4 Qa5 13. a3 Qc5 14. Bxf6 Bxf6 15. Qxc5 dxc5 16. e5 Bxf3 17. gxf3 Bxe5 18. Rd7 b6 19. Rad1 Bd4 20. Rd3 Rfd8 21. Rxd8+ Rxd8 22. Kf1 Rd7 23. b4 Kf8 24. bxc5 bxc5 25. Ne4 Rb7 26. Nd6 Rb2 27. Nb5 e5 28. Nxd4 exd4 29. f4 Ke7 30. Rh3 Kd6 31. Rh5 Rc2 32. Rd5+ Kc6 33. Rd8 Rxc4 34. Rf8 d3 35. Ke1 Rc2 36. Rxf7 c4 37. Rxg7 c3 38. Rg6+ Kc5 39. Kd1 Rxf2 0-1


[Site "https://www.chess.com"]

[Event "Titled Tuesday Blitz December 27 Late 2022"]
[White "Averjanov, Alexey"]
[Black "Kretchetov, Alexandre"]
[WhiteFideId "14109867"]
[BlackFideId "4124588"]
[WhiteElo "2399"]
[BlackElo "2195"]
[Result "1-0"]
[Round "06"]
[TimeControl "180+2"]
[Date "2022.12.27"]
[WhiteClock "0:01:29"]
[BlackClock "0:00:20"]

1. d4 Nf6 2. c4 e6 3. Nf3 d5 4. e3 c6 5. Nbd2 Nbd7 6. Bd3 Bd6 7. O-O O-O 8. e4 dxe4 9. Nxe4 Nxe4 10. Bxe4 h6 11. Bc2 e5 12. dxe5 Nxe5 13. Re1 Bg4 14. c5 Bxf3 15. gxf3 Bc7 16. f4 Ng6 17. Qf3 Qf6 18. f5 Nh4 19. Qg4 Rae8 20. Be3 Be5 21. Rad1 Re7 22. Kh1 Rfe8 23. Rg1 Bxb2 24. Rd6 Qc3 25. f6 Qxf6 26. Rxf6 Bxf6 27. Bxh6 Re1 28. Be3 Rxg1+ 29. Kxg1 g6 30. Qd7 Rd8 31. Qxb7 Bd4 32. Bb3 1-0


[Site "https://www.chess.com"]

[Event "Titled Tuesday Blitz December 27 Late 2022"]
[White "Balague Camps, Marc"]
[Black "Aung Thant Zin"]
[WhiteFideId "2297914"]
[BlackFideId "13000063"]
[WhiteElo "2190"]
[BlackElo "2268"]
[Result "0-1"]
[Round "06"]
[TimeControl "180+2"]
[Date "2022.12.27"]
[WhiteClock "0:00:05"]
[BlackClock "0:00:08"]

1. d4 Nf6 2. c4 e6 3. Nc3 Bb4 4. e3 O-O 5. Ne2 c5 6. a3 Bxc3+ 7. Nxc3 b6 8. d5 Bb7 9. g3 exd5 10. Bg2 d6 11. O-O Nbd7 12. Nxd5 Nxd5 13. cxd5 Nf6 14. e4 Re8 15. Re1 h6 16. Bf4 Qc7 17. h4 Nd7 18. g4 Ne5 19. g5 hxg5 20. Bxg5 Bc8 21. Re3 f6 22. Bf4 Bg4 23. Qc2 Bh5 24. Rg3 Kh7 25. Bd2 Qf7 26. Bh3 Nf3+ 27. Kg2 Nxd2 28. Qxd2 g6 29. Qf4 Rad8 30. Re1 Re5 31. Be6 Rxe6 32. dxe6 Qxe6 33. Ree3 Re8 34. Rh3 c4 35. Rh1 b5 36. Ree1 a5 37. Qe3 b4 38. f4 d5 39. Qa7+ Re7 40. f5 gxf5 41. Qc5 fxe4 42. Kf2 e3+ 43. Rxe3 Qf5+ 44. Kg2 Rg7+ 45. Kh2 Qf4+ 46. Kh3 Bg4+ 47. Kg2 Bf3+ 48. Kf1 Bxh1+ 49. Ke1 Qxh4+ 50. Ke2 Rg2+ 51. Kd1 Qg4+ 52. Ke1 Rxb2 53. Qe7+ Kg6 54. Qe8+ Kg5 55. Qg8+ Kf4 56. Qb8+ Kxe3 57. Qb6+ d4 0-1


[Site "https://www.chess.com"]

[Event "Titled Tuesday Blitz December 27 Late 2022"]
[White "Ballester Llagaria, Luis Eduardo"]
[Black "Mekhitarian, Krikor Sevag"]
[WhiteFideId "2297620"]
[BlackFideId "2107660"]
[WhiteElo "2298"]
[BlackElo "2537"]
[Result "0-1"]
[Round "06"]
[TimeControl "180+2"]
[Date "2022.12.27"]
[WhiteClock "0:00:07"]
[BlackClock "0:00:02"]

1. e4 g6 2. d4 Bg7 3. Nc3 d6 4. Be3 a6 5. f4 b5 6. Nf3 Bb7 7. Bd3 Nd7 8. Qe2 c5 9. dxc5 Nxc5 10. Bxc5 dxc5 11. e5 Nh6 12. O-O-O Qb6 13. Be4 O-O 14. Nd5 Bxd5 15. Rxd5 c4 16. h3 Ra7 17. g4 Qa5 18. Kb1 c3 19. Qe3 Rc7 20. b3 e6 21. Rd6 Rfc8 22. Rhd1 Bf8 23. Rd8 Qa3 24. Qc1 Qb4 25. Qe3 a5 26. f5 Qa3 27. Qc1 Qxc1+ 28. Kxc1 exf5 29. gxf5 Nxf5 30. Bxf5 gxf5 31. Nh4 Rxd8 32. Rxd8 Kg7 33. Nxf5+ Kg6 34. Nh4+ Kg5 35. Nf3+ Kf4 36. Rxf8 Kxf3 37. e6 Kg3 38. Rxf7 Rc6 39. e7 Re6 40. Kd1 h5 41. Rh7 h4 42. a3 Kxh3 43. b4 a4 44. Rg7 Kh2 45. Rg4 h3 46. Rg7 Re5 47. Rh7 Kg3 48. Rg7+ Kf3 49. Rh7 Kg4 50. Rg7+ Kf4 51. Rh7 h2 52. Rg7 h1=Q+ 53. Rg1 Qxg1# 0-1


[Site "https://www.chess.com"]

[Event "Titled Tuesday Blitz December 27 Late 2022"]
[White "Bas Mas, Jose Joaquin"]
[Black "Ladan, Nicholas"]
[WhiteFideId "22219064"]
[BlackFideId "30918855"]
[WhiteElo "2197"]
[BlackElo "2228"]
[Result "0-1"]
[Round "06"]
[TimeControl "180+2"]
[Date "2022.12.27"]
[WhiteClock "0:00:04"]
[BlackClock "0:00:15"]

1. e4 e5 2. Nf3 Nc6 3. Bb5 a6 4. Bxc6 dxc6 5. d3 Bd6 6. O-O Ne7 7. Nbd2 O-O 8. Nc4 Be6 9. Ncxe5 f5 10. Bg5 h6 11. exf5 Rxf5 12. Bxe7 Qxe7 13. Qe2 Bd5 14. Rae1 Re8 15. d4 Bxf3 16. gxf3 Qh4 17. Qe4 Qh3 18. Kh1 Ref8 19. Qg4 Qxg4 20. Nxg4 Rxf3 21. Kg2 R3f4 22. h3 Rxd4 23. Re6 Rd2 24. Rfe1 h5 0-1


[Site "https://www.chess.com"]

[Event "Titled Tuesday Blitz December 27 Late 2022"]
[White "Bettalli, Francesco"]
[Black "Skvortsov, Andrei"]
[WhiteFideId "2816453"]
[BlackFideId "24108600"]
[WhiteElo "2252"]
[BlackElo "2313"]
[Result "0-1"]
[Round "06"]
[TimeControl "180+2"]
[Date "2022.12.27"]
[WhiteClock "0:00:49"]
[BlackClock "0:00:17"]

1. d4 Nf6 2. Nc3 d5 3. Bg5 c6 4. Bxf6 gxf6 5. e4 Qb6 6. Qd2 dxe4 7. Nxe4 Qxb2 8. Rd1 Qxa2 9. Nf3 Qe6 10. Qe3 f5 11. Nc5 Qxe3+ 12. fxe3 Nd7 13. Nd3 e6 14. Kf2 Nf6 15. Nfe5 Ne4+ 16. Ke1 f6 17. Nc4 Be7 18. Be2 b6 19. Bh5+ Kd8 20. Ra1 Kc7 21. Ke2 Rg8 22. g3 a5 23. Bf3 a4 24. Nd2 Ba6 25. Nxe4 fxe4 26. Bxe4 Bc4 27. Kd2 h6 28. Rhb1 b5 29. Nb4 f5 30. Bf3 Bxb4+ 31. Rxb4 h5 32. e4 h4 33. gxh4 fxe4 34. Bxe4 Rg4 35. Ke3 Rxh4 36. Rg1 Rh3+ 37. Kf4 Kd6 38. Rbb1 Rf8+ 39. Kg5 Rxh2 40. Rbe1 a3 41. Kg6 Rhh8 42. Kg7 Rfg8+ 43. Kf6 Rxg1 44. Rxg1 a2 45. Kg7 Rh4 46. Bf3 Rxd4 47. Kf8 Rf4+ 48. Ke8 Rxf3 49. c3 Rxc3 50. Kd8 Ra3 51. Kc8 a1=Q 52. Rxa1 Rxa1 53. Kb7 b4 54. Kc8 b3 55. Kb7 b2 56. Kc8 b1=Q 0-1


[Site "https://www.chess.com"]

[Event "Titled Tuesday Blitz December 27 Late 2022"]
[White "Bochnicka, Vladimir"]
[Black "Can, Melih Kaan"]
[WhiteFideId "14943450"]
[BlackFideId "6317383"]
[WhiteElo "2327"]
[BlackElo "2069"]
[Result "1-0"]
[Round "06"]
[TimeControl "180+2"]
[Date "2022.12.27"]
[WhiteClock "0:00:28"]
[BlackClock "0:00:19"]

1. e4 e5 2. Nf3 Nc6 3. Bc4 Nf6 4. d3 Bc5 5. c3 d6 6. Nbd2 a6 7. Bb3 Ba7 8. Nf1 Ng4 9. Ne3 O-O 10. Nxg4 Bxg4 11. h3 Bh5 12. O-O Kh8 13. g4 Bg6 14. Bg5 Qd7 15. Nh4 Nd8 16. Kh2 Ne6 17. Be3 f6 18. Nxg6+ hxg6 19. Qf3 g5 20. Kg2 Nf4+ 21. Bxf4 gxf4 22. g5 g6 23. h4 Kg7 24. Rh1 Rh8 25. gxf6+ Kxf6 26. d4 Rag8 27. dxe5+ dxe5 28. Rad1 Qh7 29. Qg4 Qh5 30. Qxh5 gxh5+ 31. Bxg8 Rxg8+ 32. Kf3 Bc5 33. Rhg1 Rh8 34. Rg5 Bd6 35. Rf5+ Ke6 36. Rg1 Be7 37. Rg6+ Kd7 38. Rg7 Kd6 39. Rg6+ Kd7 40. Rxe5 Bxh4 41. Rg7+ Kd6 42. Rd5+ Kc6 43. Rg6+ Bf6 44. Rxf6# 1-0


[Site "https://www.chess.com"]

[Event "Titled Tuesday Blitz December 27 Late 2022"]
[White "Bortnyk, Olexandr"]
[Black "Talibov, Shiroghlan"]
[WhiteFideId "14120828"]
[BlackFideId "13429078"]
[WhiteElo "2605"]
[BlackElo "2359"]
[Result "1-0"]
[Round "06"]
[TimeControl "180+2"]
[Date "2022.12.27"]
[WhiteClock "0:00:07"]
[BlackClock "0:00:02"]

1. e4 e6 2. d4 d5 3. Nc3 Nf6 4. Bg5 dxe4 5. Nxe4 Be7 6. Bxf6 gxf6 7. Nf3 f5 8. Nc3 a6 9. Qd3 Qd6 10. O-O-O b5 11. d5 e5 12. Qe3 Nd7 13. Bxb5 e4 14. Bc6 Rb8 15. Nd4 Qg6 16. Kb1 O-O 17. f3 Ne5 18. Qe2 Bb4 19. Na4 Rd8 20. h4 Kh8 21. h5 Qf6 22. fxe4 f4 23. Rdf1 Bd6 24. Qd2 Nc4 25. Qd3 Ne5 26. Qc3 Rg8 27. Ne2 Qe7 28. Nxf4 Rg4 29. h6 Rb4 30. Nd3 Rbxe4 31. b3 f6 32. Nab2 Re2 33. Rf2 Rxf2 34. Nxf2 Rxg2 35. Ne4 Bf5 36. Nxd6 cxd6 37. Rc1 Qf8 38. Qe3 Rg6 39. Rf1 Qxh6 40. Qxh6 Rxh6 41. Bb7 Be4 42. Bxa6 Rh2 43. Bd3 f5 44. Bxe4 fxe4 45. a4 Nf3 46. Nc4 h5 47. a5 Rg2 48. a6 Rg8 49. Rh1 h4 50. Nxd6 Ra8 51. Nxe4 Rxa6 52. c4 Rg6 53. Kc2 Kg7 54. d6 Rg4 55. d7 Nd4+ 56. Kd3 Ne6 57. c5 Kf7 58. c6 Ke7 59. b4 Rf4 60. b5 Rf3+ 61. Kc4 Rf4 62. Kd3 Rf3+ 63. Ke2 Nd4+ 64. Kd2 Nxb5 65. Rxh4 Rf8 66. Rh7+ Kd8 67. Nc5 Nd4 68. Nb7+ Kc7 69. d8=Q+ Kxc6 70. Qd6+ 1-0


[Site "https://www.chess.com"]

[Event "Titled Tuesday Blitz December 27 Late 2022"]
[White "Carbone, Diego"]
[Black "Vlassov, Nikolai"]
[WhiteFideId "3002179"]
[BlackFideId "4103360"]
[WhiteElo "2336"]
[BlackElo "2283"]
[Result "0-1"]
[Round "06"]
[TimeControl "180+2"]
[Date "2022.12.27"]
[WhiteClock "0:00:17"]
[BlackClock "0:00:06"]

1. d4 Nf6 2. c4 Nc6 3. Nf3 e6 4. g3 Bb4+ 5. Bd2 a5 6. Bg2 d6 7. Nc3 e5 8. a3 Bxc3 9. Bxc3 Qe7 10. O-O O-O 11. dxe5 dxe5 12. b4 axb4 13. axb4 Bg4 14. b5 Rad8 15. Qb3 Bxf3 16. exf3 Nd4 17. Qb2 Rfe8 18. Rfe1 Qc5 19. f4 exf4 20. Bxb7 Rxe1+ 21. Rxe1 fxg3 22. hxg3 Qxc4 23. Rd1 Ne2+ 24. Qxe2 Rxd1+ 25. Qxd1 h5 26. Bxf6 gxf6 27. Bc6 h4 28. Qf3 hxg3 29. Qxg3+ Kf8 30. Qxc7 Qc1+ 31. Kg2 Qg5+ 32. Qg3 Qc5 33. Qb8+ Kg7 34. Qg3+ Kf8 35. Qd3 Qg5+ 36. Kf3 Qh5+ 37. Ke3 Qe5+ 38. Kd2 Qf4+ 39. Kc2 Qxf2+ 40. Kb3 f5 41. Qd6+ Kg7 42. Qe5+ Kg6 43. Qd6+ Kg5 44. Qd5 Kg4 45. Qxf7 Qe3+ 46. Kb4 Qd4+ 47. Ka5 Qa7+ 48. Kb4 Qxf7 49. b6 f4 50. b7 Qc7 51. Kb5 f3 52. Ka6 Qb8 53. Kb6 Kg3 54. Bxf3 Kxf3 0-1


[Site "https://www.chess.com"]

[Event "Titled Tuesday Blitz December 27 Late 2022"]
[White "Corredor Castellanos, Camilo"]
[Black "Quinones Garcia, Santiago"]
[WhiteFideId "4425871"]
[BlackFideId "4408497"]
[WhiteElo "1957"]
[BlackElo "2248"]
[Result "1-0"]
[Round "06"]
[TimeControl "180+2"]
[Date "2022.12.27"]
[WhiteClock "0:00:31"]
[BlackClock "0:00:44"]

1. e4 e6 2. d4 d5 3. Nc3 Bb4 4. e5 c5 5. a3 Bxc3+ 6. bxc3 Qc7 7. Qg4 f5 8. Qg3 Ne7 9. Qxg7 Rg8 10. Qxh7 cxd4 11. Bb5+ Bd7 12. Bxd7+ Nxd7 13. Ne2 Qxe5 14. Qh5+ Ng6 15. cxd4 Qf6 16. Bg5 Qf7 17. Rb1 Nb6 18. a4 Nxa4 19. O-O Nb6 20. Rfe1 Kd7 21. Nf4 Rae8 22. Ra1 Nc8 23. Rab1 b6 24. Qf3 Nd6 25. Ra1 Kc8 26. h4 Kb7 27. Qa3 Nb5 28. Qa6+ Kc6 29. c4 dxc4 30. Reb1 Nc7 31. Qxc4+ Kb7 32. Nd3 Ne7 33. Ne5 Qg7 34. Rxa7+ Kxa7 35. Qxc7+ Ka8 36. Ra1# 1-0


[Site "https://www.chess.com"]

[Event "Titled Tuesday Blitz December 27 Late 2022"]
[White "Curtis, John"]
[Black "Feng, Eric"]
[WhiteFideId "3200256"]
[BlackFideId "30952590"]
[WhiteElo "2292"]
[BlackElo "1951"]
[Result "1-0"]
[Round "06"]
[TimeControl "180+2"]
[Date "2022.12.27"]
[WhiteClock "0:00:07"]
[BlackClock "0:00:23"]

1. e4 c6 2. Nc3 d5 3. d4 dxe4 4. Nxe4 Bf5 5. Ng3 Bg6 6. Nf3 Nd7 7. Bd3 Bxd3 8. Qxd3 e6 9. Bd2 Ngf6 10. O-O-O a5 11. Kb1 a4 12. h3 a3 13. b3 Be7 14. c4 Rc8 15. b4 b6 16. Qxa3 Ra8 17. Qb3 O-O 18. Bc1 Qc7 19. Rhe1 b5 20. c5 Ra4 21. a3 Rfa8 22. Ne4 Nxe4 23. Rxe4 Nf6 24. Re2 Nd5 25. g3 Bf6 26. Rd3 Qa7 27. Bb2 Qe7 28. Nd2 g6 29. Ne4 Bg7 30. Nc3 Nxc3+ 31. Qxc3 Rd8 32. Rdd2 Rd5 33. Qf3 Qd7 34. h4 Bxd4 35. Bc1 Ra8 36. Rd3 Bg7 37. Rxd5 exd5 38. Qe3 Qf5+ 39. Ka2 h5 40. Bb2 Bxb2 41. Kxb2 Qf6+ 42. Qe5 Qf3 43. Qe3 Qf5 44. Qd4 Qf3 45. Qe3 Qg4 46. Qd3 Kg7 47. f4 Kh7 48. Re3 Qh3 49. Qe2 Qf5 50. Re5 Qf6 51. Qe3 Re8 52. Kc2 Rxe5 53. Qxe5 Qxe5 54. fxe5 Kg8 55. a4 Kf8 56. axb5 cxb5 57. Kd3 Ke7 58. Ke3 Kd7 59. Kd4 Ke6 60. c6 f5 61. exf6 Kd6 62. f7 Kxc6 63. f8=Q Kd7 64. Qc5 Ke6 65. Qxb5 Kf6 66. Qxd5 Kg7 67. Qg5 Kh7 68. g4 Kg7 69. gxh5 Kf7 70. Qxg6+ Kf8 71. Kd5 Ke7 72. Ke5 Kd8 73. b5 Kc7 74. Qc6+ Kb8 75. Qd7 Ka8 76. b6 Kb8 77. Qc7+ Ka8 78. Qa7# 1-0


[Site "https://www.chess.com"]

[Event "Titled Tuesday Blitz December 27 Late 2022"]
[White "Deac, Bogdan-Daniel"]
[Black "Vaibhav Jayant Raut"]
[WhiteFideId "1226380"]
[BlackFideId "5089034"]
[WhiteElo "2700"]
[BlackElo "2237"]
[Result "1/2-1/2"]
[Round "06"]
[TimeControl "180+2"]
[Date "2022.12.27"]
[WhiteClock "0:00:09"]
[BlackClock "0:00:06"]

1. b3 Nf6 2. Bb2 g6 3. Nf3 Bg7 4. g3 O-O 5. Bg2 d6 6. d4 a5 7. O-O Nbd7 8. c4 e5 9. dxe5 Ng4 10. Nc3 Ngxe5 11. Qc2 Nxf3+ 12. Bxf3 Nc5 13. Rfd1 Bf5 14. Qc1 Re8 15. Nd5 c6 16. Bxg7 Kxg7 17. Qb2+ f6 18. Nc3 Qe7 19. a3 Rad8 20. Rd4 Ne6 21. Rd2 Ng5 22. Bg2 Ne4 23. Bxe4 Bxe4 24. Rad1 Bf5 25. b4 axb4 26. Qxb4 c5 27. Qb6 Be6 28. Rxd6 Rxd6 29. Rxd6 Bxc4 30. Qxc5 Bxe2 31. Qd4 Bg4 32. Kg2 h5 33. h3 Bf5 34. a4 Qe5 35. Qb4 Re7 36. Rd4 Bd7 37. Rd1 Bc6+ 38. Kh2 h4 39. Qd4 hxg3+ 40. fxg3 Qf5 41. Qf4 Qxf4 42. gxf4 Re3 43. Nb5 Rf3 44. Nd4 Rxf4 45. Nxc6 bxc6 46. Ra1 Rb4 47. a5 Rb8 48. a6 Ra8 49. a7 c5 50. Kg2 Kh6 51. Ra4 Kg5 52. Kf3 Kf5 53. h4 Ke5 54. Ra6 c4 55. Ke3 g5 56. h5 g4 57. h6 g3 58. h7 g2 59. Kf2 c3 60. h8=Q Rxh8 61. a8=Q Rxa8 62. Rxa8 Ke4 63. Kxg2 c2 64. Rc8 Kd3 65. Kf2 Kd2 66. Rd8+ Kc3 67. Rc8+ Kb2 68. Ke2 c1=Q 69. Rxc1 Kxc1 70. Kf3 Kc2 71. Kf4 Kc3 72. Kf5 Kc4 73. Kxf6 1/2-1/2


[Site "https://www.chess.com"]

[Event "Titled Tuesday Blitz December 27 Late 2022"]
[White "Denishev, Marat"]
[Black "Garcia Cuenca, Victor"]
[WhiteFideId "24131563"]
[BlackFideId "2250829"]
[WhiteElo "2255"]
[BlackElo "2324"]
[Result "1-0"]
[Round "06"]
[TimeControl "180+2"]
[Date "2022.12.27"]
[WhiteClock "0:00:35"]
[BlackClock "0:00:02"]

1. Nf3 Nf6 2. c4 c5 3. Nc3 g6 4. d4 cxd4 5. Nxd4 Bg7 6. e4 d6 7. f3 O-O 8. Be3 Nc6 9. Be2 Nxd4 10. Bxd4 Be6 11. O-O a6 12. Rc1 Rc8 13. b3 Qa5 14. Qd2 b5 15. Rfd1 bxc4 16. Nd5 Qxd2 17. Nxe7+ Kh8 18. Rxd2 Rce8 19. Nd5 Bxd5 20. exd5 cxb3 21. axb3 Nxd5 22. Bxa6 Nb4 23. Bc4 d5 24. Bxg7+ Kxg7 25. Bxd5 Rd8 26. Rcd1 Nxd5 27. Rxd5 Rb8 28. R1d3 Rfc8 29. Re3 Rc1+ 30. Kf2 Rc2+ 31. Kg3 Rb2 32. Rdd3 Kf6 33. Rc3 Kg7 34. Red3 Kf6 35. h4 h5 36. Kh3 Kg7 37. g3 Ra8 38. Rc7 Ra1 39. g4 Rh1+ 40. Kg3 Rg1+ 41. Kf4 hxg4 42. Rdd7 Rxb3 43. Rxf7+ Kg8 44. Rg7+ Kf8 45. Rcf7+ Ke8 46. Ra7 Rxf3+ 47. Kg5 Kf8 48. Kh6 1-0


[Site "https://www.chess.com"]

[Event "Titled Tuesday Blitz December 27 Late 2022"]
[White "Djokic, Mihailo"]
[Black "Bambino Filho, Antonio Carlos"]
[WhiteFideId "976440"]
[BlackFideId "2113163"]
[WhiteElo "2192"]
[BlackElo "2144"]
[Result "1-0"]
[Round "06"]
[TimeControl "180+2"]
[Date "2022.12.27"]
[WhiteClock "0:00:49"]
[BlackClock "0:00:16"]

1. e4 c5 2. Nf3 d6 3. d4 cxd4 4. Nxd4 Nf6 5. Nc3 a6 6. Rg1 e6 7. g4 Be7 8. g5 Nfd7 9. Qh5 g6 10. Qe2 Nc6 11. Be3 Qc7 12. O-O-O b5 13. Nxc6 Qxc6 14. Bd4 Rg8 15. Kb1 Bb7 16. Bg2 Nb6 17. Rge1 O-O-O 18. Nd5 exd5 19. exd5 Nxd5 20. Bxd5 Qxd5 21. Qxe7 Rd7 22. Qf6 Qf5 23. Qxf5 gxf5 24. Bf6 Kb8 25. Re7 Rxe7 26. Bxe7 d5 27. Bf6 Re8 28. b3 Re2 29. Bd4 Kc8 30. Rd3 Re4 31. c3 Rh4 32. Rf3 f4 33. h3 Kd7 34. Rd3 Ke6 35. Bf6 Rh5 36. Kb2 Kd6 37. Rd4 Bc8 38. Rxf4 Rxh3 39. Bd4 Be6 40. Rf6 Rh2 41. Ka3 Rg2 42. f4 a5 43. f5 Rxg5 44. fxe6 fxe6 45. Rh6 Rg4 46. Rxh7 a4 47. bxa4 bxa4 48. Ra7 e5 49. Ra6+ Kd7 50. Bxe5 1-0


[Site "https://www.chess.com"]